 Dungeon Crawl Stone Soup version 0.19-a0-1714-gcab94ab (webtiles) character file.

19706 dobroeutro the Basher (level 12, -21/82 HPs)
             Began as a Gargoyle Fighter on Sept 28, 2016.
             Was a High Priest of Okawaru.
             Killed from afar by a red draconian monk (33 damage)
             ... with a searing blast
             ... on level 2 of the Abyss.
             The game lasted 00:27:33 (14014 turns).

dobroeutro the Basher (Gargoyle Fighter)           Turns: 14014, Time: 00:27:34

Health: -21/82     AC: 35    Str: 24 (25) XL:     12   Next: 71%
Magic:  14/14      EV:  8    Int:  5 (8)  God:    Okawaru [*****.]
Gold:   478        SH:  0    Dex: 15      Spells: 0 memorised, 11 levels left

rFire  . . .     SeeInvis +     j - +5 great mace (protect)
rCold  . . .     Gourm    .     K - +4 chain mail {MR+}
rNeg   + . .     Faith    .     (shield currently unavailable)
rPois  ∞         Spirit   .     W - +2 helmet {SInv}
rElec  +         Dismiss  .     I - +2 cloak
rCorr  .         Reflect  .     U - +0 pair of gloves
MR     +....     Harm     .     (no boots)
Stlth  .......... Rnd*Rage +    (no amulet)
                                q - -2 ring of strength (curse)
                                c - +5 ring of dexterity

@: confused
A: fangs 1, rugged brown scales 1, berserk 1, deterioration 2, negative energy
resistance 1, sense surroundings 1, electricity resistance, strong 1,
unbreathing, petrification resistance, rot immunity, AC +8
a: Heroism, Finesse, Renounce Religion


You were on level 2 of the Abyss.
You worshipped Okawaru.
Okawaru was extremely pleased with you.
You were not hungry.

You visited 2 branches of the dungeon, and saw 14 of its levels.
You visited the Abyss 1 time.
You also visited: Sewer.

You collected 766 gold pieces.
You spent 288 gold pieces at shops.

Inventory:

Hand Weapons
 j - a +5 great mace of protection (weapon)
 p - a +0 morningstar
 X - the +3 quarterstaff of Currency {holy, rElec}
   (You bought it in a shop on level 10 of the Dungeon)

   It has been blessed by the Shining One to cause great damage to the undead
   and demons.
   It insulates you from electricity.
Armour
 y - a +2 large shield
 B - the +2 helmet of Rorautopna {rN+}
   (You took it off Robin on level 4 of the Dungeon)

   It protects you from negative energy.
 I - a +2 cloak (worn)
 K - a +4 chain mail of magic resistance (worn)
 U - a +0 pair of gloves (worn)
 W - a +2 helmet of see invisible (worn)
Rods
 C - a +1 lightning rod (9/9)
   (You found it on level 5 of the Dungeon)
Jewellery
 c - a +5 ring of dexterity (left hand)
 q - a cursed -2 ring of strength (right hand)
 Q - a +3 ring of dexterity
Wands
 z - a wand of lightning (13/15)
 Y - a wand of flame (27/48)
Scrolls
 a - 2 scrolls of identify
 h - 9 scrolls of teleportation
 n - 2 scrolls of blinking
 w - a scroll of immolation
 x - 2 scrolls of fear
 D - a scroll of magic mapping
 F - a scroll of enchant armour
 J - a scroll of fog
 L - a scroll of enchant weapon
 V - a scroll of recharging {unknown}
Potions
 b - a potion of berserk rage
 d - 4 potions of might
 e - a potion of cancellation {unknown}
 g - 2 potions of flight {unknown}
 l - 6 potions of curing
 m - 2 potions of haste
 o - 4 potions of magic
 s - a potion of heal wounds
 t - a potion of beneficial mutation
 N - a potion of cure mutation {unknown}
 P - a potion of lignification {unknown}
 R - a potion of agility
Books
 k - a book of Conjurations

   Spells                             Type                      Level
   a - Magic Dart                     Conjuration                  1
   b - Searing Ray                    Conjuration                  2
   c - Dazzling Spray                 Conjuration/Hexes            3
   d - Fulminant Prism                Conjuration/Hexes            4
   e - Iskenderun's Mystic Blast      Conjuration                  4
   f - Iskenderun's Battlesphere      Conjuration/Charms           5
Comestibles
 f - 9 bread rations
 r - 7 meat rations
 u - 8 fruits
 M - 4 beef jerkies
 T - 8 slices of pizza


   Skills:
 + Level 11.5 Fighting
 * Level 14.0 Maces & Flails
 + Level 11.7 Armour
 - Level 3.2 Shields
 + Level 3.1 Invocations


You had 11 spell levels left.
You didn't know any spells.

Dungeon Overview and Level Annotations

Branches:
Dungeon (13/15)            Temple (1/1) D:6            Lair (0/6) D:11
    Orc (0/2) D:11
 Vaults: D:13-14

Altars:
Ashenzari
Elyvilon
Fedhas
Gozag
Okawaru
Ru
Sif Muna
Uskayaw
Xom
Yredelemnul

Shops:
D:10 (   D:13 *?

Annotations:
D:13 Sonja


Innate Abilities, Weirdness & Mutations

You are resistant to torment.
Your stone body is resilient. (AC +8)
You are immune to poison.
You resist negative energy. (rN+)
You are resistant to electric shocks. (rElec)
You can survive without breathing.
You are immune to petrification.
You are immune to rotting.
You have very sharp teeth.
You are partially covered in rugged brown scales. (AC +1, +3% HP)
You tend to lose your temper in combat.
Your body often deteriorates upon taking damage.
You passively map a small area around you.
Your muscles are strong. (Str +2)


Message History

The raiju bursts into living lightning!
The living lightning misses you.
The raiju blinks!
The red draconian monk hits you but does no damage.
The red draconian monk kicks you but does no damage.
The red draconian monk tail-slaps you but does no damage.
The raiju bursts into living lightning!
The living lightning misses you.
The raiju blinks!
The red draconian monk hits you!
* * * LOW HITPOINT WARNING * * *
The red draconian monk kicks you but does no damage.
The red draconian monk closely misses you.
You are confused.
You feel invigorated. The red draconian monk hits you!
* * * LOW HITPOINT WARNING * * *
Your body deteriorates!
You feel dopey.
The red draconian monk kicks you but does no damage.
The red draconian monk tail-slaps you but does no damage.
The red draconian monk breathes flames at you.
The searing blast hits you!
You die...

# #.....#.##.
..#. . .
#.#...######.. .#
.. . #. #...# #.
. . # #
#.....##.. .#.#
.####...####
##..# . . #
..###..... ##. #.
#.....##.##.. #
..
#..###.h...#####
# .. ..
##..#..q.@...>.#
#. .
#..§.h...........
..#
#...#####h.....##
#... . ##.#.....
#.# . #...##. #
(. #..# .. ..#
... #.# ##


You could see a red draconian monk and 3 raiju.

Vanquished Creatures
  Erolcha (D:9)
  3 hydras
  The ghost of UnlimitedFusion the Fighter, a novice DsCK of Xom (D:9)
  An unseen horror (D:10)
  4 hill giants
  4 ugly things
  A cyclops (D:12)
  2 gargoyles
  A komodo dragon (D:11)
  A troll (D:10)
  A two-headed ogre (D:9)
  A slime creature (D:13)
  The ghost of dobroeutro the Cudgeler, an amateur GrFi of Okawaru (D:6)
  4 hippogriffs
  A wyvern (D:9)
  A water elemental (D:12)
  17 yaks
  2 hogs (D:12)
  A human (D:12)
  A mottled dragon (D:12)
  2 sky beasts (D:9)
  A water moccasin (D:12)
  Duvessa (D:4)
  13 orc warriors
  3 ice beasts
  2 black bears
  A wasp (D:13)
  8 ogres
  A phantom (D:10)
  5 centaurs
  A crocodile (D:11)
  3 bullfrogs
  Dowan (D:4)
  A wyvern skeleton (D:13)
  2 scorpions
  7 killer bees
  2 vampire bats (D:6)
  2 wights
  An electric eel (D:12)
  8 howler monkeys
  5 crimson imps
  A bullfrog zombie (D:8)
  A centaur zombie (D:8)
  4 hounds
  2 quasits
  2 jellies
  11 orc wizards
  Crazy Yiuf (D:3)
  A bullfrog skeleton (D:13)
  A gnoll shaman (D:6)
  16 orc priests
  A centaur skeleton (D:4)
  Jessica (D:2)
  Terence (D:2)
  3 iguanas
  6 worker ants
  A howler monkey zombie (D:9)
  Robin (D:4)
  A worker ant zombie (D:5)
  13 adders
  8 gnolls
  A howler monkey skeleton (D:6)
  7 river rats
  4 shadow imps
  An adder skeleton (D:4)
  4 worms
  3 dart slugs
  7 leopard geckos
  68 orcs
  7 giant cockroaches
  10 hobgoblins
  15 jackals
  3 quokkas
  3 ball pythons
  23 bats
  17 frilled lizards
  21 goblins
  A jackal skeleton (D:4)
  9 kobolds
  A leopard gecko skeleton (D:5)
  A quokka skeleton (D:4)
  A quokka zombie (D:9)
  17 rats
419 creatures vanquished.

Vanquished Creatures (others)
  A quokka (D:9)
  9 fungi (D:11)
  3 plants
13 creatures vanquished.

Grand Total: 432 creatures vanquished

Notes
Turn   | Place    | Note
-------+----------+-------------------------------------------
     0 | D:1      | dobroeutro the Gargoyle Fighter began the quest for the Orb.
     0 | D:1      | Reached XP level 1. HP: 14/14 MP: 1/1
   119 | D:1      | Reached XP level 2. HP: 5/19 MP: 2/2
   601 | D:1      | Reached XP level 3. HP: 11/23 MP: 3/3
   637 | D:1      | Reached skill level 3 in Maces & Flails
  1084 | D:2      | Noticed Jessica
  1098 | D:2      | Killed Jessica
  1098 | D:2      | Reached XP level 4. HP: 29/29 MP: 4/4
  1215 | D:2      | Noticed Terence
  1241 | D:2      | Killed Terence
  1413 | D:2      | Reached XP level 5. HP: 33/33 MP: 5/5
  1479 | D:2      | Reached skill level 4 in Maces & Flails
  2100 | D:3      | Reached XP level 6. HP: 39/39 MP: 6/6
  2205 | D:3      | Noticed an ice beast
  2229 | D:3      | Killed an ice beast
  2229 | D:3      | Reached skill level 5 in Maces & Flails
  2593 | D:3      | Found a runed door.
  2693 | D:3      | Noticed Crazy Yiuf
  2700 | D:3      | Killed Crazy Yiuf
  2700 | D:3      | Reached skill level 5 in Armour
  2812 | D:4      | Noticed Duvessa
  2813 | D:4      | Noticed Dowan
  3165 | D:4      | Noticed Robin
  3180 | D:4      | Reached XP level 7. HP: 31/44 MP: 7/7
  3185 | D:4      | Killed Robin
  3205 | D:4      | Reached skill level 5 in Fighting
  3212 | D:4      | Got a smoking helmet
  3218 | D:4      | Identified the +2 helmet of Rorautopna {rN+} (You took it off Robin on level 4 of the Dungeon)
  3361 | D:4      | Killed Duvessa
  3371 | D:4      | Killed Dowan
  3499 | D:4      | Reached skill level 6 in Maces & Flails
  3714 | D:5      | Entered Level 5 of the Dungeon
  3873 | D:5      | Found a glowing drain.
  3877 | Sewer    | Entered a sewer
  4360 | D:5      | Reached XP level 8. HP: 50/50 MP: 8/8
  4494 | D:5      | Found a shattered altar of Ashenzari.
  5011 | D:4      | Reached skill level 7 in Maces & Flails
  5967 | D:6      | Noticed dobroeutro's ghost (amateur GrFi)
  5994 | D:6      | Killed dobroeutro's ghost
  6091 | D:6      | Reached skill level 8 in Maces & Flails
  6173 | D:6      | Reached XP level 9. HP: 55/56 MP: 9/9
  6239 | D:6      | Found a staircase to the Ecumenical Temple.
  6273 | Temple   | Entered the Ecumenical Temple
  6283 | Temple   | Became a worshipper of Warmaster Okawaru
  6334 | D:6      | Found a hide-covered altar of Uskayaw.
  7270 | D:7      | Reached skill level 9 in Maces & Flails
  7399 | D:7      | Reached * piety under Okawaru
  8394 | D:8      | Reached XP level 10. HP: 64/64 MP: 10/10
  8484 | D:9      | Reached skill level 10 in Maces & Flails
  8521 | D:9      | Noticed UnlimitedFusion's ghost (novice DsCK)
  8585 | D:9      | Killed UnlimitedFusion's ghost
  8585 | D:9      | Reached ** piety under Okawaru
  8837 | D:9      | Noticed Erolcha
  8874 | D:9      | Killed Erolcha
  8874 | D:9      | Reached *** piety under Okawaru
  8940 | D:9      | Noticed a purple ugly thing
  8964 | D:9      | Killed a purple ugly thing
  8966 | D:9      | Reached skill level 11 in Maces & Flails
  9057 | D:9      | Gained mutation: You have a pair of small horns on your head. [mutagenic meat]
  9060 | D:9      | Gained mutation: You have very sharp teeth. [mutagenic meat]
  9063 | D:9      | Gained mutation: You tend to lose your temper in combat. [mutagenic meat]
  9066 | D:9      | Gained mutation: You have a pair of horns on your head. [mutagenic meat]
  9069 | D:9      | Gained mutation: You passively map a small area around you. [mutagenic meat]
  9072 | D:9      | Gained mutation: You occasionally shout uncontrollably at your foes. [mutagenic meat]
  9308 | D:9      | Found a white marble altar of Elyvilon.
  9519 | D:9      | Gained mutation: You are partially covered in rugged brown scales. (AC +1, +3% HP) [potion of mutation]
  9614 | D:10     | Entered Level 10 of the Dungeon
  9700 | D:10     | Reached **** piety under Okawaru
  9705 | D:10     | Reached XP level 11. HP: 42/73 MP: 11/11
  9779 | D:10     | Reached skill level 10 in Armour
  9808 | D:9      | Gained mutation: You are partially covered in thin metallic scales. (AC +2) [mutagenic meat]
  9814 | D:9      | Lost mutation: You occasionally shout uncontrollably at your foes. [mutagenic meat]
  9817 | D:9      | Lost mutation: You have a pair of horns on your head. [mutagenic meat]
  9820 | D:9      | Gained mutation: Your body sometimes deteriorates upon taking damage. [mutagenic meat]
  9823 | D:9      | Lost mutation: You have a pair of small horns on your head. [mutagenic meat]
 10266 | D:10     | Killed an unseen horror
 10407 | D:10     | Reached skill level 12 in Maces & Flails
 10443 | D:10     | Found Myoffeck's Antique Weapon Shoppe.
 10451 | D:10     | Bought a twisted quarterstaff for 288 gold pieces
 10457 | D:10     | Identified the +3 quarterstaff of Currency {holy, rElec} (You bought it in a shop on level 10 of the Dungeon)
 10791 | D:11     | Reached skill level 10 in Fighting
 10806 | D:11     | Reached ***** piety under Okawaru
 10982 | D:11     | Found a shimmering altar of Xom.
 11427 | D:11     | Found a staircase to the Orcish Mines.
 11537 | D:11     | Found a staircase to the Lair.
 11744 | D:11     | Received a gift from Okawaru
 11884 | D:11     | Noticed a hill giant
 11890 | D:11     | Killed a hill giant
 12151 | D:12     | Noticed a four-headed hydra
 12185 | D:12     | Noticed a hill giant
 12193 | D:12     | Reached skill level 13 in Maces & Flails
 12196 | D:12     | Killed a hill giant
 12204 | D:12     | Reached XP level 12. HP: 66/81 MP: 12/12
 12238 | D:12     | Killed a four-headed hydra
 12572 | D:12     | Received a gift from Okawaru
 12708 | D:12     | Reached skill level 1 in Invocations
 12924 | D:13     | Noticed Sonja
 12927 | D:13     | Found Tinydur's General Store.
 12927 | D:13     | Found Valiy's Magic Scroll Shoppe.
 12928 | D:13     | Noticed a four-headed hydra
 12940 | D:13     | Killed a four-headed hydra
 13051 | D:13     | Gained mutation: Your muscles are strong. (Str +2) [mutagenic meat]
 13054 | D:13     | Gained mutation: Your body often deteriorates upon taking damage. [mutagenic meat]
 13057 | D:13     | Lost mutation: You are partially covered in thin metallic scales. (AC +2) [mutagenic meat]
 13195 | D:13     | Noticed an eight-headed hydra
 13205 | D:13     | Killed an eight-headed hydra
 13205 | D:13     | Reached skill level 14 in Maces & Flails
 13963 | D:13     | Cast into level 2 of the Abyss (Sonja)
 14000 | Abyss:2  | Noticed a red draconian monk
 14005 | Abyss:2  | HP: 2/82 [red draconian monk/searing blast (36)]
 14014 | Abyss:2  | Killed from afar by a red draconian monk

Vault maps used:
D:1:      minmay_arrival_shattered_statue
D:2:      serial_curves, eino_curves_02, eino_curves_01,
          minmay_misc_feat_pillars, uniq_terence, uniq_jessica
D:3:      grunt_ministairs_9, uniq_crazy_yiuf_cottage
D:4:      uniq_robin, uniq_duvessa
D:5:      cheibrodos_ashenzari_chains, gup_sewer_entry_bowl, first_bread,
          st_stairs_12
D:6:      eat_drink_and_be_merry_uskayaw, roderic_batcave, nrook_mini_backslash
D:9:      elyvilon_altar_4, uniq_erolcha
D:10:     special_room, serial_shops, shop
D:11:     grunt_lair_entry_orc_guard_hut, david_orc_4, xom_teletrap_fun
D:12:     serial_bayou, serial_bayou_pond_b, serial_bayou_pond_b,
          serial_bayou_pond_e, serial_bayou_pond_c, grunt_livestock
D:13:     serial_shops, shop_fountains, nicolae_shop_statue_plus,
          nicolae_benzene_ring, uniq_sonja
Temple:   regret_index_temple_mists
Sewer:    sewer_co_cracked_pipes

Skill      XL: |  1  2  3  4  5  6  7  8  9 10 11 12 |
---------------+-------------------------------------+-----
Maces & Flails | 3 4 5 6 8 9 11 13 14 | 14.0
Armour         | 4 5 7 8 9 11 | 11.7
Fighting       | 4 5 6 8 9 10 11 | 11.5
Invocations    | 3 |  3.1
Shields        | |  3.2

Action                   |  1- 3 |  4- 6 |  7- 9 | 10-12 || total
-------------------------+-------+-------+-------+-------++-------
Melee: Flail             |    11 |       |   474 |   379 ||   864
       Halberd           |   138 |       |       |       ||   138
       Mace              |       |   321 |   229 |       ||   550
       Headbutt          |       |       |       |    25 ||    25
       Bite              |       |       |       |    86 ||    86
       Quarterstaff      |       |       |       |   221 ||   221
       Great mace        |       |       |       |   220 ||   220
  Use: Scroll            |       |       |     9 |    13 ||    22
       Potion            |       |       |     1 |     7 ||     8
  Eat: Chunk             |       |     6 |    17 |    35 ||    58
       Pizza             |       |     1 |       |       ||     1
       Beef jerky        |       |       |     1 |       ||     1
       Royal jelly       |       |       |       |     1 ||     1
       Meat ration       |       |       |       |     1 ||     1
Armor: Scale mail        |   125 |   193 |   413 |   522 ||  1253
       Chain mail        |       |       |       |   154 ||   154
Dodge: Dodged            |   104 |   102 |   141 |   311 ||   658
Block: Shield            |     6 |    97 |       |       ||   103
       Large shield      |       |    31 |   701 |   354 ||  1086
